 Dungeon Crawl Stone Soup version 0.31-a0-1139-gec03705108 (webtiles) character file.

Game seed: 13237405397895963351

429 James the Ruffian (level 6, -4/47 HPs)
             Began as a Draconian Shapeshifter on Dec 6, 2023.
             Was a Follower of Uskayaw.
             Slain by an ogre
             ... wielding a +0 giant club
              (22 damage)
             ... on level 4 of the Dungeon.
             The game lasted 00:08:09 (3475 turns).

James the Ruffian (Draconian Shapeshifter)          Turns: 3475, Time: 00:08:10

Health: -4/47      AC: 10    Str: 22    XL:     6   Next: 66%
Magic:  6/6        EV: 12    Int: 11    God:    Uskayaw [*.....]
Gold:   216        SH:  0    Dex: 12    Spells: 5/5 levels left

rFire   . .          .
                       - Unarmed
rCold   . . .        (no shield)
rNeg    . . .        (body armour unavailable)
rPois   .            (helmet currently unavailable)
rElec   .            (cloak currently unavailable)
rCorr   .            (gloves currently unavailable)
SInv    .            (boots currently unavailable)
Will    .....        (no amulet)
Stlth   +            e - +4 ring of protection
HPRegen 0.27/turn    g - +6 ring of strength
MPRegen 0.10/turn

%: no passive effects
@: beast-form
A: beast (slay +1), AC +6, unfitting armour, cold-blooded
a: Begin Untransformation, Renounce Religion, Stomp


You were on level 4 of the Dungeon.
You worshipped Uskayaw.
Uskayaw was noncommittal.
You were a hulking beast.
You visited 2 branches of the dungeon, and saw 5 of its levels.

You collected 216 gold pieces.

Inventory:

Hand Weapons
 h - a +1 short sword of speed
   (You took it off a kobold on level 1 of the Dungeon)
 o - a +0 sling
   (You found it on level 2 of the Dungeon)
 u - a +1 dagger of venom
   (You took it off a goblin on level 3 of the Dungeon)
Missiles
 m - 6 stones (quivered)
Armour
 v - a +0 kite shield
   (You found it on level 3 of the Dungeon)
Jewellery
 e - a +4 ring of protection (left hand)
   (You found it on level 1 of the Dungeon)
 g - a +6 ring of strength (right hand)
   (You found it on level 1 of the Dungeon)
 i - a ring of protection from fire
   (You found it on level 1 of the Dungeon)
Talismans
 b - a beast talisman
 c - a flux talisman
Scrolls
 d - a scroll of fear {unknown}
 f - a scroll of immolation {unknown}
 l - 3 scrolls of identify {unknown}
 n - 2 scrolls of noise {unknown}
 p - a scroll of vulnerability {unknown}
 r - 3 scrolls of summoning {unknown}
 s - a scroll of enchant weapon {unknown}
 x - a scroll of revelation {unknown}
 y - a scroll of teleportation {unknown}
Potions
 a - a potion of curing {unknown}
 j - a potion of degeneration {unknown}
 k - 2 potions of enlightenment {unknown}
 q - a potion of might {unknown}
 t - 2 potions of attraction {unknown}
 w - a potion of haste {unknown}
 z - a potion of brilliance {unknown}


   Skills:
 - Level 1.1 Fighting
 - Level 1.7 Dodging
 + Level 7.6 Unarmed Combat
 - Level 3.0 Shapeshifting


You had 5 spell levels left.
You didn't know any spells.
Your spell library contained the following spells:

 Spells                   Type           Power      Damage    Failure   Level
 Scorch                   Fire           0%         2d5       47%         2
 Flame Wave               Conj/Fire      0%         2d4       98%         4
 Summon Cactus Giant      Summ           0%         N/A       100%        6


Dungeon Overview and Level Annotations

Branches:
Dungeon (4/15)             Temple (1/1) D:4

Altars:
Ashenzari
Cheibriados
Elyvilon
Fedhas
Hepliaklqana
Kikubaaqudgha
Nemelex Xobeh
Okawaru
Qazlal
Ru
Sif Muna
Trog
Uskayaw
Vehumet
Wu Jian
Xom
Yredelemnul
Zin
The Shining One

Shops:
D:3 (   D:4 (

Annotations:
D:4 2 transporters, tish's ghost, novice OpIE


Innate Abilities, Weirdness & Mutations

You are a hulking beast.
Your limbs bulge with bestial killing power. (Slay +1)
Your plain brown scales are hard. (AC +6)
You cannot fit into any form of body armour.
You are cold-blooded and may be slowed by cold attacks.


Message History

You kill the adder!
No target in view!
No target in view!
You see here an adder corpse.
You see here an adder corpse.
A howler monkey comes into view.
The howler monkey howls!
You punch the howler monkey!
Your tail-slap misses the howler monkey.
The howler monkey hits you but does no damage.
You closely miss the howler monkey.
The howler monkey hoots and howls with incredible vigour!
You hear a shout!
You punch the howler monkey!
You kill the howler monkey!
You can now pass through a line of other dancers.
No target in view!
No target in view!
The ogre shouts!
An ogre comes into view. It is wielding a +0 giant club.
The ogre shouts!
The ogre shouts!
Tish's ghost turns its malevolent gaze towards you.
Tish's ghost says, "I hope the next monster to meet you likes frozen food!"
There is a stone staircase leading up here.
Throw: 10 stones
Press: ? - help, Q - select action, (/) - cycle Shift-Dir - straight line, f - ogre
Aim: an ogre, wielding a +0 giant club (72% to hit)
You throw a stone. The stone hits the ogre.
Throw: 9 stones
Press: ? - help, Q - select action, (/) - cycle Shift-Dir - straight line, f/p - ogre
Aim: an ogre, wielding a +0 giant club (lightly wounded, 72% to hit)
You throw a stone. The stone hits the ogre.
Throw: 8 stones
Press: ? - help, Q - select action, (/) - cycle Shift-Dir - straight line, f/p - ogre
Aim: an ogre, wielding a +0 giant club (lightly wounded, 72% to hit)
You throw a stone. The stone closely misses the ogre.
A chill runs down your spine.
Throw: 7 stones
Press: ? - help, Q - select action, (/) - cycle Shift-Dir - straight line, f/p - ogre
Aim: an ogre, wielding a +0 giant club (lightly wounded, 71% to hit)
You throw a stone. The stone barely misses the ogre.
You hit the ogre but do no damage.
The ogre hits you with a +0 giant club!!
Ouch! That really hurt!
* * * LOW HITPOINT WARNING * * *
You punch the ogre!
Tish's ghost screams, "Don't try to defend!
You have no chance!"
The ogre hits you with a +0 giant club!!
You die...

._..........b...........##.......
⌠.⌠...########.......#..###......
......#.....©#.....####......##..
......#.#..#.#...b.###........#.#
#.....#..##..#.....##...##.......
#...###..##..#...........#.......
#...## .#..#.#©....##......###.#.
##...##©....)#........######.#.##
.)....#.#..#O#©.h##...## ##...#
......#..##.W#..O......####...###
.####.#..##.O#.....#....##...##.#
...##.#.#..#.#..######...........
......#......#...### ##.##...#...
......########.....######...###.#
.<......####..........###..######
.#......##....##.##........##.###
##...............###........#....


You could see 3 ogres and tish's ghost.

Vanquished Creatures
  Grinder (D:4)
  Blork the orc (D:4)
  A howler monkey (D:4)
  5 adders
  2 worms
  4 dart slugs
  6 ball pythons
  5 endoplasms
  11 giant cockroaches
  6 goblins
  8 hobgoblins
  4 jackals (D:1)
  4 quokkas
  6 bats
  2 frilled lizards
  7 kobolds
  4 rats
77 creatures vanquished.

Notes
Turn   | Place    | Note
-------+----------+-------------------------------------------
     0 | D:1      | James the Draconian Shapeshifter began the quest for the
                  | Orb.
     0 | D:1      | Reached XP level 1. HP: 16/16 MP: 1/1
    66 | D:1      | Reached XP level 2. HP: 17/23 MP: 2/2
   319 | D:1      | Reached skill level 4 in Unarmed Combat
   476 | D:1      | Reached XP level 3. HP: 25/28 MP: 3/3
  1176 | D:2      | Reached XP level 4. HP: 35/35 MP: 4/4
  1240 | D:2      | Reached skill level 5 in Unarmed Combat
  2374 | D:3      | Found Deshriasm's Weapon Shoppe.
  2457 | D:3      | Found a hazy altar of Hepliaklqana.
  2529 | D:4      | Noticed Blork the orc
  2529 | D:4      | Found a staircase to the Ecumenical Temple.
  2565 | D:4      | Noticed tish's ghost (novice OpIE)
  2565 | D:4      | Noticed an ogre
  2565 | D:4      | Found a transporter.
  2565 | D:4      | Found a transporter.
  2567 | D:4      | Noticed an ogre
  2618 | D:4      | Noticed an ogre
  2664 | D:4      | Found Qeonwoce's Weapon Emporium.
  2774 | D:4      | Found a sparkling altar of Nemelex Xobeh.
  2788 | Temple   | Entered the Ecumenical Temple
  2911 | Temple   | Became a worshipper of Uskayaw the Reveller
  2987 | D:4      | Reached * piety under Uskayaw
  2990 | D:4      | Killed Blork the orc
  2990 | D:4      | Reached ** piety under Uskayaw
  2991 | D:4      | Reached skill level 6 in Unarmed Combat
  2991 | D:4      | Reached XP level 5. HP: 33/40 MP: 5/5
  3202 | D:4      | Noticed Grinder
  3211 | D:4      | Reached *** piety under Uskayaw
  3212 | D:4      | Killed Grinder
  3213 | D:4      | Reached skill level 7 in Unarmed Combat
  3213 | D:4      | Reached XP level 6. HP: 28/47 MP: 6/6
  3475 | D:4      | Slain by an ogre

Illustrated notes

Levels and vault maps discovered:
D:1:      ldierk_walled_garden_2, layout_rooms, hex_large, nrook_campfire,
          minmay_worlds_worst_comb
D:2:      layout_basic, minmay_crystal_water, grunt_ministairs_13
D:3:      layout_loops_ring, lemuel_round_altar, serial_shops,
          nicolae_shop_behind_doors
D:4:      layout_cave_pools, nemelex_xobeh_ov_fountains_minmay,
          minmay_temple_entry_butterflies, gammafunk_ghost_smash,
          nicolae_stop_n_shop_1, grunt_ministairs_7, uniq_blork_the_orc,
          uniq_grinder
Temple:   minmay_temple_bridge_d

Skill      XL: |  1  2  3  4  5 |
---------------+----------------+-----
Unarmed Combat | 4 6 7 |  7.6
Fighting       | |  1.1
Dodging        | |  1.7
Shapeshifting  | |  3.0

Action                     |  1- 3 |  4- 6 || total
---------------------------+-------+-------++-------
  Melee: Unarmed           |   124 |    95 ||   219
         Tailslap          |    10 |    10 ||    20
         Punch             |     1 |     2 ||     3
  Throw: Stone             |     3 |     4 ||     7
    Use: Potion            |       |     1 ||     1
   Stab: Sleeping          |     3 |     1 ||     4
         Paralysed         |       |     1 ||     1
 Armour: Skin              |    73 |    53 ||   126
  Dodge: Dodged            |    75 |    33 ||   108

Table legend: (Time is in decaauts)
 A = Elapsed time spent in this place.
 B = Non-inter-level travel time spent in this place.
 C = Inter-level travel time spent in this place.
 D = Time resting spent in this place.
 E = Time spent auto-exploring this place.
 F = Levels seen in this place.
 G = Mean time per level.
                   A        B        C        D        E       F      G
               +--------+--------+--------+--------+--------+-----+--------+
         Total |   3463 |   3090 |    373 |    185 |   2148 |   5 |  692.6 |
       Dungeon |   3268 |   3034 |    234 |    140 |   2148 |   4 |  817.0 |
        Temple |    194 |     55 |    139 |     45 |      0 |   1 |  194.0 |
               +--------+--------+--------+--------+--------+-----+--------+

Top non-repeatable levels by time:
     D:2: 1184 daAuts
     D:3: 747 daAuts
     D:1: 670 daAuts
     D:4: 666 daAuts
  Temple: 194 daAuts
